 Dungeon Crawl Stone Soup version 0.28.0-53-g5a82cb258f (webtiles) character file.

Game seed: 10425948723805350281

6321 firemarshallily the Frost Mage (level 10, 0/65 HPs)
             Began as a Merfolk Ice Elementalist on June 3, 2022.
             Was an Initiate of Ashenzari.
             Slain by a vampire (2 damage)
             ... on level 10 of the Dungeon.
             The game lasted 00:54:34 (11536 turns).

firemarshallily the Frost Mage (MfIE)              Turns: 11536, Time: 00:54:35

Health: 0/65       AC:  8    Str:  6 (8)  XL:     10   Next: 95%
Magic:  21/21      EV: 12    Int: 22 (23) God:    Ashenzari [......]
Gold:   490        SH:  0    Dex: 19      Spells: 18/29 levels left

rFire   x . .      SeeInvis +   m - +6 rapier "Manozeb" {venom, rPois Int+4 SInv}
rCold   + . .      Faith    .   (no shield)
rNeg    . . .      Spirit   .   w - +3 leather armour of Tested {rElec}
rPois   +          Reflect  .   o - +2 hat "Overhang to Understand" {Elem, Self} (curse)
rElec   +          Harm     .   (no cloak)
rCorr   .          Rampage  .   (no gloves)
Will    .....                   (no boots)
Stlth   ++........              (no amulet)
HPRegen 0.20/turn               u - +6 ring of dexterity
MPRegen 0.17/turn               j - ring of ice

@: studying Slings
A: (nimble swimmer 2), mertail, clumsy 1, deterioration 1, low MP 1, no potion
heal 1
a: Renounce Religion, Curse Item, Shatter the Chains


You were on level 10 of the Dungeon.
You worshipped Ashenzari.
Ashenzari was noncommittal.
You visited 1 branch of the dungeon, and saw 11 of its levels.

You collected 490 gold pieces.

Inventory:

Hand Weapons
 g - a +0 trident
 m - the +6 rapier "Manozeb" (weapon) {venom, rPois Int+4 SInv}
   (You found it on level 8 of the Dungeon)

   It poisons the flesh of those it strikes.
   Int:       It affects your intelligence (+4).
   rPois:     It protects you from poison.
   SInv:      It lets you see invisible.
 v - the +10 hunting sling of Pabuceal {freeze, rCorr}
   (You took it off an orc on level 3 of the Dungeon)

   Any ammunition fired from it freezes those it strikes, dealing additional
   cold damage.
   It can also slow down cold-blooded creatures.
   rCorr:     It protects you from acid and corrosion.
Missiles
 d - 281 stones (quivered)
 t - 6 atropa-tipped darts
 D - 3 javelins
 E - 2 curare-tipped darts
 H - 4 poisoned darts
Armour
 o - the cursed +2 hat "Overhang to Understand" (worn) {Elem, Self}
   (You found it on level 2 of the Dungeon)

   It has a curse which improves the following skills: Elements: Fire Magic, Ice
   Magic, Air Magic and Earth Magic.
   Introspection: Fighting and Spellcasting.
 w - the +3 leather armour of Tested (worn) {rElec}
   (You took it off an orc on level 3 of the Dungeon)

   rElec:     It insulates you from electricity.
Jewellery
 i - a ring of positive energy
 j - a ring of ice (right hand)
 u - a +6 ring of dexterity (left hand)
 x - a +4 ring of evasion
 y - a ring of flight
 F - a +4 ring of protection
Wands
 b - a wand of polymorph (20)
 s - a wand of iceblast (5)
 A - a wand of mindburst (14)
 G - a wand of acid (2)
Scrolls
 c - a scroll of enchant weapon
 B - 2 scrolls of fear
 C - a scroll of identify
Potions
 f - a potion of invisibility
 l - 3 potions of magic
 p - 4 potions of attraction
 z - a potion of haste {unknown}


   Skills:
 - Level 0.7(1.0) Fighting
 - Level 6.0 Polearms
 + Level 6.0 Slings
 - Level 3.0 Dodging
 - Level 3.2 Stealth
 * Level 9.7(10.1) Spellcasting
 * Level 12.0(12.4) Ice Magic


You had 18 spell levels left.
You knew the following spells:

 Your Spells              Type           Power      Damage    Failure   Level
a - Freeze                Ice            100%       1d11      1%          1
b - Frozen Ramparts       Ice            100%       1d12      1%          3
c - Ozocubu's Armour      Ice            78%        N/A       1%          3
d - Hailstorm             Conj/Ice       55%        3d12      7%          4

Your spell library contained the following spells:

 Spells                   Type           Power      Damage    Failure   Level


Dungeon Overview and Level Annotations

Branches:
Dungeon (11/15)            Temple (0/1) D:5            Lair (0/6) D:10
    Orc (0/2) D:9

Altars:
Ashenzari
Elyvilon
Hepliaklqana
Kikubaaqudgha
Makhleb
Qazlal
Trog
Uskayaw
Zin
The Shining One
Beogh

Shops:
D:2 *

Annotations:
D:5 exclusion: two-headed ogre
D:10 Sonja


Innate Abilities, Weirdness & Mutations

((You are very nimble when in or above water. (Stealth+, EV+, Speed+++)))
Your lower body shifts to a powerful aquatic tail in water.
You are clumsy. (Dex -2)
Your body sometimes deteriorates upon taking damage.
Your magical capacity is low. (-10% MP)
Potions are less effective at restoring your health.


Message History

* * * LOW HITPOINT WARNING * * *
The vampire draws strength from your injuries!
You barely miss the vampire.
The vampire is lightly damaged.
The vampire hits you but does no damage.
The vampire bites you but does no damage.
You barely miss the vampire.
The vampire is lightly damaged.
The vampire hits you but does no damage.
The vampire completely misses you.
You closely miss the vampire.
The vampire is lightly damaged.
Your icy armour evaporates.
The vampire hits you.
* * * LOW HITPOINT WARNING * * *
The vampire bites you.
* * * LOW HITPOINT WARNING * * *
The vampire draws strength from your injuries!
Okay, then.
Hit: m) +6 rapier "Manozeb" {venom, rPois Int+4 SInv}
Press: ? - help, Dir - move target, f/p - vampire
Aim: a vampire (lightly damaged, slightly transparent, about 31% to evade the +6 rapier "Manozeb")
Okay, then.
Press: ? - help, v - describe, . - travel, g - get item
Here: a vampire (lightly damaged, slightly transparent) Item here: 3 stones.
The floor.
It was a potion of resistance.
You feel protected.
The vampire hits you but does no damage.
The vampire bites you but does no damage.
It was a potion of cancellation.
Your magical effects are unravelling.
You feel magically purged.
You feel less wooden.
The cursed +2 hat "Overhang to Understand" {Elem, Self} unmelds from your body.
The +3 leather armour of Tested {rElec} unmelds from your body.
You feel a little less mighty now.
Your resistance to elements expires.
The vampire hits you.
You die...

## #.............# ..
#...#..........# ..
..(........(...# .?
.#...####...##### ..
#...#####....# #.. .
.......(#.## ...
#.......# ... ##
#.......# .... .##
#.....@.# ...###..#
#..(...V#
......#.#####.....(.
.Y#...................
.........####.....≈≈≈≈≈≈
...........##.....≈##(≈≈
..#..<...# #.....≈# ###
......P.......(...≈≈
##...P...P...


You could see a vampire (invisible).

Vanquished Creatures
  An ugly thing (D:9)
  A cyclops (D:9)
  A kobold demonologist (D:9)
  A hornet (D:9)
  Grinder (D:4)
  Sigmund (D:6)
  2 wyverns (D:8)
  3 vampire mosquitoes (D:10)
  Menkaure (D:5)
  A water moccasin (D:7)
  4 orc warriors (D:9)
  2 black bears
  3 sky beasts
  A hornet zombie (D:6)
  A necrophage (D:6)
  3 centaurs
  5 bullfrogs
  4 kobold brigands
  A gnoll sergeant (D:4)
  4 scorpions
  3 wyvern skeletons
  A water moccasin skeleton (D:5)
  The ghost of SanguineChosen the Cudgeller, a weakling MiGl (D:3)
  5 killer bees (D:9)
  2 howler monkeys (D:7)
  2 electric eels
  2 vampire bats (D:3)
  A bullfrog zombie (D:7)
  A jelly (D:6)
  A centaur zombie (D:4)
  5 orc priests
  4 bullfrog skeletons
  2 hounds
  2 centaur skeletons (D:6)
  5 orc wizards
  2 iguanas
  A scorpion zombie (D:5)
  A killer bee zombie (D:7)
  A howler monkey zombie (D:9)
  7 gnolls
  A howler monkey skeleton (D:7)
  6 adders
  A shadow imp (D:7)
  A white imp (D:7)
  An adder skeleton (D:4)
  A dart slug (D:4)
  39 orcs
  7 ball pythons
  4 bats
  4 bat skeletons (D:3)
  2 bat zombies (D:3)
  9 endoplasms
  A giant cockroach (D:2)
  12 goblins
  5 hobgoblins
  5 quokkas
  4 frilled lizards
  23 kobolds
  A quokka skeleton (D:4)
  4 rats
221 creatures vanquished.

Vanquished Creatures (others)
  3 bushes (D:10)
  5 fungi (D:10)
  27 plants
35 creatures vanquished.

Grand Total: 256 creatures vanquished

Notes
Turn   | Place    | Note
-------+----------+-------------------------------------------
     0 | D:1      | firemarshallily the Merfolk Ice Elementalist began the
                  | quest for the Orb.
     0 | D:1      | Reached XP level 1. HP: 13/13 MP: 3/3
   529 | D:1      | Found a faded altar of an unknown god.
   535 | D:1      | Reached XP level 2. HP: 18/19 MP: 1/5
   541 | D:1      | Prayed at the altar of an unknown god.
   541 | D:1      | Became a worshipper of Ashenzari the Shackled
  1319 | D:2      | Reached XP level 3. HP: 24/24 MP: 2/6
  1601 | D:2      | Reached skill level 5 in Ice Magic
  1723 | D:2      | Learned a level 3 spell: Frozen Ramparts
  1727 | D:2      | Learned a level 3 spell: Ozocubu's Armour
  1879 | D:2      | Found a glowing silver altar of Zin.
  1974 | D:2      | Reached XP level 4. HP: 30/30 MP: 3/8
  2094 | D:2      | Found Siplal's Assorted Antiques.
  2451 | D:3      | Found a glowing golden altar of the Shining One.
  2490 | D:3      | Found an ancient bone altar of Kikubaaqudgha.
  2494 | D:3      | Reached XP level 5. HP: 34/35 MP: 2/9
  2987 | D:3      | Reached XP level 6. HP: 42/42 MP: 4/11
  3079 | D:3      | Found a runed translucent gate.
  3081 | D:3      | Found a runed translucent gate.
  3082 | D:3      | Found a runed translucent gate.
  3082 | D:3      | Noticed SanguineChosen's ghost (weakling MiGl)
  3084 | D:3      | Identified the +10 hunting sling of Pabuceal {freeze,
                  | rCorr}
  3084 | D:3      | Identified the +3 leather armour of Tested {rElec}
  3522 | D:4      | Reached skill level 6 in Ice Magic
  3526 | D:4      | Reached skill level 1 in Polearms
  3714 | D:4      | Found a hide-covered altar of Uskayaw.
  3906 | D:4      | Reached XP level 7. HP: 47/47 MP: 9/13
  4133 | D:4      | Found a stormy altar of Qazlal.
  4216 | D:4      | Noticed Grinder
  4226 | D:4      | Paralysed by Grinder for 6 turns
  4253 | D:4      | Paralysed by Grinder for 5 turns
  4273 | D:4      | Paralysed by Grinder for 7 turns
  4298 | D:4      | Killed Grinder
  4299 | D:4      | Reached skill level 5 in Spellcasting
  4299 | D:4      | Reached skill level 7 in Ice Magic
  4626 | D:5      | Entered Level 5 of the Dungeon
  4634 | D:5      | Reached XP level 8. HP: 49/54 MP: 10/16
  5055 | D:5      | Found a staircase to the Ecumenical Temple.
  5107 | D:5      | Reached skill level 8 in Ice Magic
  5393 | D:5      | Found a burning altar of Makhleb.
  5405 | D:5      | Reached skill level 5 in Polearms
  5773 | D:5      | Noticed a two-headed ogre
  5919 | D:5      | Noticed Menkaure
  5933 | D:5      | Killed Menkaure
  6537 | D:3      | Killed SanguineChosen's ghost
  6602 | D:3      | Learned a level 4 spell: Hailstorm
  6730 | D:6      | Reached skill level 9 in Ice Magic
  6730 | D:6      | Reached XP level 9. HP: 19/59 MP: 13/19
  7000 | D:6      | Found a bloodstained altar of Trog.
  7318 | D:6      | Noticed Sigmund
  7321 | D:6      | Killed Sigmund
  7322 | D:6      | Reached skill level 1 in Slings
  7996 | D:7      | Found a broken altar of Ashenzari.
  8480 | D:7      | Reached skill level 10 in Ice Magic
  8599 | D:7      | Found a hazy altar of Hepliaklqana.
  8653 | D:7      | Gained mutation: You are weak. (Str -2) [potion of
                  | mutation]
  8653 | D:7      | Gained mutation: You are partially covered in iridescent
                  | scales. (AC +2) [potion of mutation]
  8653 | D:7      | Gained mutation: You have sharp fingernails. [potion of
                  | mutation]
  8654 | D:7      | Lost mutation: You are partially covered in iridescent
                  | scales. (AC +2) [potion of mutation]
  8654 | D:7      | Lost mutation: You have sharp fingernails. [potion of
                  | mutation]
  8654 | D:7      | Lost mutation: You are weak. (Str -2) [potion of mutation]
  8654 | D:7      | Gained mutation: Your body sometimes deteriorates upon
                  | taking damage. [potion of mutation]
  8654 | D:7      | Gained mutation: Potions are less effective at restoring
                  | your health. [potion of mutation]
  8654 | D:7      | Gained mutation: Your magical capacity is low. (-10% MP)
                  | [potion of mutation]
  8654 | D:7      | Gained mutation: Your system is resistant to poisons.
                  | (rPois) [potion of mutation]
  8655 | D:7      | Lost mutation: Potions are less effective at restoring your
                  | health. [potion of mutation]
  8655 | D:7      | Lost mutation: Your system is resistant to poisons. (rPois)
                  | [potion of mutation]
  8655 | D:7      | Gained mutation: You are clumsy. (Dex -2) [potion of
                  | mutation]
  8655 | D:7      | Gained mutation: Potions are less effective at restoring
                  | your health. [potion of mutation]
  9297 | D:8      | Identified the +6 rapier "Manozeb" {venom, rPois Int+4
                  | SInv}
  9313 | D:8      | Reached XP level 10. HP: 61/65 MP: 20/20
  9587 | D:9      | Noticed a green ugly thing
  9596 | D:9      | Killed a green ugly thing
  9597 | D:9      | Reached skill level 11 in Ice Magic
  9628 | D:9      | You fall into a shaft and drop 2 floors!
  9631 | D:11     | Noticed a manticore
  9668 | D:10     | Entered Level 10 of the Dungeon
  9683 | D:10     | Noticed Sonja
  9688 | D:10     | Found a staircase to the Lair.
 10056 | D:9      | Found a staircase to the Orcish Mines.
 10074 | D:9      | Reached skill level 5 in Slings
 10420 | D:9      | Noticed a cyclops
 10429 | D:9      | Killed a cyclops
 10638 | D:9      | Found a white marble altar of Elyvilon.
 11198 | D:10     | Noticed a kobold demonologist
 11213 | D:9      | Killed a kobold demonologist
 11252 | D:10     | Reached skill level 12 in Ice Magic
 11534 | D:10     | HP: 3/96 [vampire (2)]
 11536 | D:10     | Identified the cursed +2 hat "Overhang to Understand"
                  | {Elem, Self} (You found it on level 2 of the Dungeon)
 11536 | D:10     | Slain by a vampire

Illustrated notes

Levels and vault maps discovered:
D:1:      roderic_octagonal_star, layout_basic,
          shapermc_ecumenical_altar_pompeii, dk_noncrumbling_2
D:2:      layout_loops_ring, serial_shops, shop, basic_altar
D:3:      cheibrodos_old_hovel, layout_rooms, kennysheep_vampire_church,
          mainiacjoe_overflow_surrounded_room, biasface_ghost_orc_armoury
D:4:      layout_cave_pools, mainiacjoe_overflow_boulevard,
          grunt_qazlal_sundering, uniq_grinder
D:5:      layout_basic, mainiacjoe_overflow_catwalk, minmay_temple_entry_mist,
          uniq_menkaure
D:6:      layout_gridville, mainiacjoe_overflow_small_starburst,
          minmay_manual_monolith, uniq_sigmund
D:7:      layout_loops_cross, nicolae_overflow_squiral, supply_closet_lemuel
D:8:      layout_rooms
D:9:      layout_basic, lemuel_tele_altar, david_orc_5
D:10:     layout_rooms, minmay_lair_entry_grove, lightli_minifort, uniq_sonja
D:11:     lemuel_ice_spiral_2, layout_stronghold,
          nicolae_hepliaklqana_monster_ancestors, uniq_grum

Skill      XL: |  1  2  3  4  5  6  7  8  9 10 |
---------------+-------------------------------+-----
Dodging        | 3 |  3.0
Ice Magic      | 5 6 7 9 10 12 | 12.0
Spellcasting   | 3 4 5 6 8 9 |  9.7
Stealth        | 3 |  3.2
Polearms       | 2 3 5 6 |  6.0
Slings         | 3 6 |  6.0
Fighting       | |  0.7

Action                   |  1- 3 |  4- 6 |  7- 9 | 10-12 || total
-------------------------+-------+-------+-------+-------++-------
Melee: Club              |     2 |       |       |       ||     2
       Unarmed           |     1 |       |       |       ||     1
       Dagger            |     4 |    62 |       |       ||    66
       Punch             |       |     3 |       |       ||     3
       Spear             |       |     1 |       |       ||     1
       Trident           |       |    29 |   155 |       ||   184
       Rapier            |       |       |       |    28 ||    28
 Fire: Hunting sling     |       |       |   136 |   120 ||   256
Throw: Stone             |       |       |    12 |       ||    12
 Cast: Freeze            |    44 |    14 |     4 |     2 ||    64
       Frozen Ramparts   |     1 |    16 |    34 |    15 ||    66
       Ozocubu's Armour  |       |     7 |    19 |    12 ||    38
       Hailstorm         |       |       |       |     4 ||     4
Invok: Curse Item        |       |       |     1 |       ||     1
  Use: Scroll            |     3 |     6 |     7 |     5 ||    21
       Potion            |       |       |     4 |    12 ||    16
 Stab: Sleeping          |     1 |     1 |     2 |       ||     4
Armor: Robe              |     6 |   131 |    56 |       ||   193
       Leather armour    |       |       |    28 |    49 ||    77
       Skin              |       |       |       |    17 ||    17
Dodge: Dodged            |    23 |   220 |   124 |    64 ||   431
